 Dungeon Crawl Stone Soup version 0.31.0-7-gf635a9b802 (webtiles) character file.

Game seed: 12715013932350194617

82157 monsoonserge the Cruncher (level 16, -18/113 HPs)
             Began as a Djinni Monk on Jan 23, 2024.
             Was the Champion of Makhleb.
             Shot with a bolt by a tengu warrior (32 damage)
             ... on level 15 of the Dungeon.
             The game lasted 01:56:26 (19851 turns).

monsoonserge the Cruncher (Djinni Monk)            Turns: 19851, Time: 01:56:26

Health: -18/113    AC: 15    Str: 13    XL:     16   Next: 20%
Gold:   2759       EV: 18    Int: 29    God:    Makhleb [******] SH:  0 Dex: 20

rFire   + + .        a - +5 lajatang (distort)
rCold   . . .        (shield currently unavailable)
rNeg    . . .        r - +7 toga "Victory" {*Victory Int+7 Slay+7 Clar}
rPois   ∞            b - +2 hat
rElec   +            C - +2 cloak of the Baker {Harm Int+3 Dex+3 SInv}
rCorr   .            A - +0 pair of gloves {Str+3}
SInv    +            (boots unavailable)
Will    +....        P - amulet of regeneration
Stlth   ++           S - ring "Hiebuveo" {rElec rPois rC+}
HPRegen 1.18/turn    (no ring)
MPRegen 0.00/turn

%: harm (+30% outgoing, +20% incoming), clarity, infuse magic (-19 HP)
@: flying
A: sickness immunity, fire resistance 2, cold vulnerability 1, float, innate
caster, HP casting, extra vitality 1
a: Renounce Religion, Minor Destruction, Lesser Servant of Makhleb, Major
Destruction, Greater Servant of Makhleb


You were on level 15 of the Dungeon.
You worshipped Makhleb.
Makhleb was exalted by your worship.
You visited 4 branches of the dungeon, and saw 23 of its levels.
You visited 1 bazaar.
You also visited: Ice Cave.

You collected 3161 gold pieces.
You spent 402 gold pieces at shops.

Inventory:

Hand Weapons
 a - a +5 lajatang of distortion (weapon)
Missiles
 k - 14 poisoned darts
 N - 7 curare-tipped darts
 O - 7 throwing nets
 T - 10 boomerangs (quivered)
 Y - 5 javelins
Armour
 b - a +2 hat (worn)
 f - a +3 ring mail of cold resistance
 m - a scarf of repulsion
 r - the +7 toga "Victory" (worn) {*Victory Int+7 Slay+7 Clar}
   (You found it on level 4 of the Dungeon)

   *Victory:  When the wearer kills a threatening monster, it has a chance to
   gain +1 AC, +1 Slay, and +1 Int, capping at +7.
   When the wearer uses a scroll or a potion with a hostile monster in sight,
   its bonuses reset to +0.
   Unequipping it also resets its bonuses to +0.
   Int+7:     It affects your intelligence (+7).
   Slay+7:    It affects your accuracy & damage with ranged weapons and melee
   (+7).
   Clar:      It protects you from confusion, rage, mesmerisation and fear.
 A - a +0 pair of gloves of strength (worn)
 C - the +2 cloak of the Baker (worn) {Harm Int+3 Dex+3 SInv}
   (You found it on level 13 of the Dungeon)

   Int+3:     It affects your intelligence (+3).
   Dex+3:     It affects your dexterity (+3).
   SInv:      It lets you see invisible.
   Harm:      It increases damage dealt and taken.
 K - +0 acid dragon scales
 V - a +0 cloak of cold resistance
Magical Staves
 G - a staff of fire
Jewellery
 P - an amulet of regeneration (around neck)
 S - the ring "Hiebuveo" (left hand) {rElec rPois rC+}
   (You found it on level 1 of the Lair of Beasts)

   [ring of protection from cold]

   rC+:       It protects you from cold.
   rElec:     It insulates you from electricity.
   rPois:     It protects you from poison
Talismans
 J - a maw talisman
Wands
 e - a wand of mindburst (9)
 q - a wand of polymorph (6)
 t - a wand of roots (29)
 u - a wand of flame (32)
 F - a wand of quicksilver (15)
 M - a wand of digging (4)
 X - a wand of paralysis (6)
Scrolls
 h - 3 scrolls of immolation
 p - 6 scrolls of teleportation {unknown}
 s - 7 scrolls of vulnerability
 v - a scroll of blinking
 w - a scroll of summoning
 y - 3 scrolls of revelation
 B - 3 scrolls of fog
 D - 2 scrolls of silence
 I - 2 scrolls of fear
 Q - a scroll of torment {unknown}
 R - a scroll of poison {unknown}
 Z - a scroll of enchant armour {unknown}
Potions
 c - 2 potions of brilliance
 d - a potion of ambrosia
 g - 3 potions of haste {unknown}
 i - 5 potions of resistance
 j - 7 potions of curing
 l - a potion of degeneration {unknown}
 o - 4 potions of heal wounds
 x - 3 potions of cancellation
 z - a potion of attraction
 E - 2 potions of might
 H - 2 potions of lignification
 L - a potion of enlightenment
 U - 2 potions of invisibility {unknown}
Miscellaneous
 W - a phial of floods


   Skills:
 - Level 10.0 Fighting
 + Level 3.8 Long Blades
 + Level 1.7(8.4) Maces & Flails
 - Level 13.9(14.0) Staves
 + Level 1.2 Throwing
 + Level 3.4 Armour
 - Level 9.0 Dodging
 * Level 12.0 Spellcasting
 * Level 12.0 Conjurations
 * Level 12.0 Hexes
 * Level 12.0 Summonings
 * Level 12.0 Necromancy
 * Level 12.0 Translocations
 * Level 12.0 Fire Magic
 * Level 12.0 Ice Magic
 * Level 12.0 Air Magic
 * Level 12.0 Earth Magic
 * Level 12.0 Alchemy
 - Level 12.0 Invocations
 - Level 1.0 Evocations


You knew the following spells:

 Your Spells              Type           Power      Damage    Failure   Level
a - Slow                  Hex            100%       N/A       1%          1
b - Momentum Strike       Conj/Tloc      100%       3d10      1%          2
c - Tukima's Dance        Hex            73%        N/A       1%          3
d - Cause Fear            Hex            36%        N/A       1%          4
e - Iskenderun's Battles  Conj           73%        2d12      1%          5
f - Borgnjor's Vile Clut  Necr/Erth      36%        N/A       1%          5
g - Dispersal             Tloc           36%        N/A       3%          6
Your spell library was empty.

Dungeon Overview and Level Annotations

Branches:
Dungeon (15/15)            Temple (1/1) D:4            Lair (5/5) D:11
 Shoals (0/4) Lair:3       Spider (0/4) Lair:3        Slime (0/5) Lair:4
    Orc (2/2) D:12            Elf (0/3) Orc:2        Vaults (0/5) D:13
  IceCv (visited)
 Depths: D:15

Altars:
Ashenzari
Cheibriados
Dithmenos
Elyvilon
Fedhas
Gozag
Hepliaklqana
Makhleb
Nemelex Xobeh
Okawaru
Qazlal
Ru
Trog
Uskayaw
Wu Jian
Xom
Yredelemnul
Zin
The Shining One

Shops:
D:2 [   D:10 :   D:11 ?   Orc:2 ([:*

Annotations:
Lair:5 3 runed translucent doors, OlivierBoivin's ghost, journeyman DgHu
Orc:1 4 transporters


Innate Abilities, Weirdness & Mutations

You are immune to sickness and miasma.
You are immune to poison.
Your flesh is very heat resistant. (rF++)
You are vulnerable to cold. (rC-)
You float through the air rather than walking.
You learn spells naturally, not from books.
Your magical power is your life essence.
You have superior vitality. (+4 MHP)


Message History

Aim: a tengu warrior, wielding a +0 great mace and wearing a +0 leather armour (heavily wounded, chance to affect: 51%)
The tengu warrior's mind is blasted!
Your orange demon misses the tengu warrior.
The tengu warrior unwields a +0 great mace.
The tengu warrior wields a +0 arbalest.
The tengu warrior shoots a bolt.
The bolt hits you!
Your orange demon stings the tengu warrior from afar.
The tengu warrior looks as sick as possible!
Your orange demon poisons the tengu warrior!
Things that are here:
a +0 great sword; a +0 ring mail
Okay, then.
Casting: Dispersal (dangerous; 3% risk of failure)
Confirm with . or Enter, or press ? or * to list all spells.
Aiming: Borgnjor's Vile Clutch (mildly dangerous; 1% risk of failure)
Press: ? - help, Shift-Dir - straight line, f - tengu warrior, p - tengu warrior
Aim: a tengu warrior, wielding a +0 great mace and wearing a +0 leather armour (lightly wounded, extremely poisoned, ally target, 100% to hit)
Zombie hands grab the tengu warrior.
The zombie hands constrict the tengu warrior.
Aiming: Minor Destruction (0% risk of failure)
Press: ? - help, Shift-Dir - straight line, f - tengu warrior, p - tengu warrior
Aim: a tengu warrior, wielding a +0 arbalest and wearing a +0 leather armour (almost dead)
The puff of flame misses the tengu warrior.
The zombie hands constrict the tengu warrior.
The deep troll earth mage casts a spell next to you.
The wall shatters!
The blast of rock fragments hits you.
* * * LOW HITPOINT WARNING * * *
The tengu warrior struggles to escape constriction.
The tengu warrior shoots a bolt.
The bolt hits you!!
* * * LOW HITPOINT WARNING * * *
Your orange demon stings the tengu warrior from afar.
You hear a shout!
Okay, then.
The zombie hands constrict the tengu warrior.
The tengu warrior struggles to escape constriction.
The tengu warrior shoots a bolt.
The bolt hits you but does no damage.
Your orange demon stings the tengu warrior but does no damage.
The zombie hands constrict the tengu warrior!
The tengu warrior escapes!
The tengu warrior shoots a bolt.
The bolt hits you!!
You die...

..........##....
...............
.............##
.............####
...###.<.TQ.....# .
.. #†.......... ...
#)..Q4......
.....###.....†.....
.......@.........#.
.........#..?....#
.................#
.........#.../..##
........###.......
......... ........
......... .......
......... ..


You could see 2 tengu warriors, a deep troll earth mage and a friendly orange
demon (summoned).

Vanquished Creatures
  A frost giant (IceCv)
  An orc warlord (Orc:1)
  An ettin (Orc:1)
  Harold (D:10)
  5 vault guards (D:13)
  5 hydras
  An ogre mage (D:13)
  3 centaur warriors
  3 boulder beetles
  3 two-headed ogres
  14 death yaks
  2 tengu warriors
  2 orc high priests (Orc:2)
  4 skysharks
  An arcanist (D:13)
  An orb spider (Lair:3)
  2 deep elf pyromancers
  A deep elf archer (D:13)
  2 orc knights
  5 orc sorcerers
  5 ugly things
  The ghost of Bishop the Digger, a novice DsEE (D:6)
  3 cyclopes
  Maurice (D:8)
  5 elephants (Lair:3)
  An ice statue (IceCv)
  A merfolk siren (Lair:3)
  The ghost of PerfectTommy the Cleaver, a novice MiFi (D:5)
  8 cane toads
  4 black mambas
  3 gargoyles
  A kobold demonologist (D:12)
  4 rime drakes (IceCv)
  An ice devil (D:14)
  7 komodo dragons
  A yaktaur (D:13)
  3 trolls
  7 polar bears
  Grinder (D:5)
  A hellwing (D:15)
  13 blink frogs
  Sigmund (D:2)
  6 slime creatures
  3 vampires
  4 wyverns
  2 humans (D:13)
  3 wraiths
  40 yaks
  Eustachio (D:5)
  2 wargs
  4 steam dragons
  2 basilisks
  6 vampire mosquitoes
  3 acid dragons
  2 chaos spawn (D:14)
  13 water moccasins
  2 ice beasts
  2 black bears
  21 orc warriors
  A sky beast (D:7)
  9 wolves (IceCv)
  5 ogres
  5 centaurs
  A kobold brigand (D:9)
  A phantom (D:7)
  11 bullfrogs
  4 scorpions (D:5)
  A cane toad simulacrum (Lair:4)
  5 wights
  An elephant simulacrum (Lair:4)
  2 killer bees (D:10)
  The ghost of RancidPinata the Sneak, a weakling OpDe (D:5)
  An electric eel (Lair:2)
  A howler monkey (D:5)
  A bombardier beetle (D:4)
  A jelly (D:8)
  4 hounds (D:5)
  22 orc priests
  Crazy Yiuf (D:2)
  37 orc wizards
  Jessica (D:11)
  5 iguanas
  Ijyb (D:5)
  A polar bear simulacrum (Lair:4)
  2 wolf simulacra (Lair:4)
  4 gnolls
  12 adders
  A river rat (D:11)
  A white imp (D:5)
  4 ufetubi (D:6)
  3 dart slugs
  2 ribbon worms
  65 orcs
  7 endoplasms
  A giant cockroach (D:1)
  4 goblins
  5 hobgoblins
  6 jackals
  9 kobolds
  5 quokkas
  11 ball pythons
  4 bats
  3 frilled lizards
  8 rats
527 creatures vanquished.

Vanquished Creatures (collateral kills)
  A death yak (Lair:4)
  3 orc sorcerers (Orc:2)
  Joseph (Lair:1)
  A rime drake (Lair:1)
  A blink frog (Lair:1)
  A slime creature (D:12)
  2 orc warriors
  A wolf (IceCv)
  2 orc priests (Orc:2)
  4 orc wizards (Orc:2)
  5 orcs
22 creatures vanquished.

Vanquished Creatures (others)
  An iguana (D:5)
1 creature vanquished.

Grand Total: 550 creatures vanquished

Notes
Turn   | Place    | Note
-------+----------+-------------------------------------------
     0 | D:1      | monsoonserge the Djinni Monk began the quest for the Orb.
     0 | D:1      | Reached XP level 1. HP: 20/20 MP: 0/0
   244 | D:1      | Reached XP level 2. HP: 21/25 MP: 0/0
   721 | D:1      | Reached XP level 3. HP: 14/30 MP: 0/0
   721 | D:1      | Learned a level 1 spell: Slow
   741 | D:1      | Reached skill level 1 in Armour
   781 | D:2      | Noticed Sigmund
   887 | D:2      | Identified the +0 morningstar of Doom {drain, Str+5 Int+3}
   920 | D:2      | Found Fejellat's Armour Emporium.
   929 | D:2      | Reached XP level 4. HP: 35/35 MP: 0/0
  1188 | D:2      | Reached XP level 5. HP: 40/40 MP: 0/0
  1188 | D:2      | Learned a level 2 spell: Momentum Strike
  1239 | D:2      | Found a faded altar of an unknown god.
  1289 | D:2      | Identified a scroll of acquirement
  1294 | D:2      | Acquired a +0 lajatang of distortion
  1316 | D:2      | Killed Sigmund
  1317 | D:2      | Reached skill level 1 in Maces & Flails
  1317 | D:2      | Reached XP level 6. HP: 12/47 MP: 0/0
  1615 | D:2      | Found a runed translucent door.
  1616 | D:2      | Noticed Crazy Yiuf
  2612 | D:4      | Reached skill level 1 in Staves
  2612 | D:4      | Reached XP level 7. HP: 51/51 MP: 0/0
  2612 | D:4      | Learned a level 3 spell: Tukima's Dance
  2734 | D:4      | Found a staircase to the Ecumenical Temple.
  2754 | D:4      | Reached skill level 2 in Staves
  2765 | Temple   | Entered the Ecumenical Temple
  2773 | Temple   | Became a worshipper of Makhleb the Destroyer
  2773 | Temple   | Reached * piety under Makhleb
  2773 | Temple   | Reached ** piety under Makhleb
  2929 | D:4      | Found the +0 toga "Victory" {*Victory Clar}
  3287 | D:5      | Entered Level 5 of the Dungeon
  3352 | D:5      | Noticed Ijyb
  3355 | D:5      | Reached skill level 3 in Staves
  3355 | D:5      | Reached skill level 1 in Spellcasting
  3355 | D:5      | Reached skill level 1 in Conjurations
  3355 | D:5      | Reached skill level 1 in Hexes
  3355 | D:5      | Reached skill level 1 in Summonings
  3355 | D:5      | Reached skill level 1 in Necromancy
  3355 | D:5      | Reached skill level 1 in Translocations
  3355 | D:5      | Reached skill level 1 in Fire Magic
  3355 | D:5      | Reached skill level 1 in Ice Magic
  3355 | D:5      | Reached skill level 1 in Air Magic
  3355 | D:5      | Reached skill level 1 in Earth Magic
  3355 | D:5      | Reached skill level 1 in Alchemy
  3359 | D:5      | Killed Ijyb
  3529 | D:5      | Reached XP level 8. HP: 53/58 MP: 0/0
  3534 | D:5      | Reached skill level 1 in Invocations
  3540 | D:5      | Reached skill level 4 in Staves
  3596 | D:5      | Reached skill level 5 in Staves
  3774 | D:5      | Noticed Grinder
  3784 | D:5      | Paralysed by Grinder for 5 turns
  3795 | D:5      | Killed Grinder
  3796 | D:5      | Reached skill level 6 in Staves
  3796 | D:5      | Reached XP level 9. HP: 48/63 MP: 0/0
  3796 | D:5      | Learned a level 4 spell: Cause Fear
  3924 | D:5      | Found a faded altar of an unknown god.
  3924 | D:5      | Found a faded altar of an unknown god.
  3924 | D:5      | Found a hazy altar of Hepliaklqana.
  4047 | D:5      | Found a runed translucent gate.
  4047 | D:5      | Found a runed translucent gate.
  4048 | D:5      | Found a runed translucent gate.
  4049 | D:5      | Noticed RancidPinata's ghost (weakling OpDe)
  4051 | D:5      | Noticed PerfectTommy's ghost (novice MiFi)
  4121 | D:5      | Noticed Eustachio
  4134 | D:5      | Killed Eustachio
  4293 | D:6      | Found a transporter.
  4295 | D:6      | Noticed Bishop's ghost (novice DsEE)
  4296 | D:6      | Found a transporter.
  4732 | D:7      | Reached skill level 7 in Staves
  4818 | D:7      | Reached skill level 5 in Dodging
  5182 | D:8      | Reached *** piety under Makhleb
  5532 | D:8      | Noticed Maurice
  5753 | D:9      | Reached XP level 10. HP: 69/69 MP: 0/0
  5797 | D:9      | Reached skill level 5 in Fighting
  5797 | D:9      | Reached skill level 8 in Staves
  6088 | D:8      | Found a snail-covered altar of Cheibriados.
  6091 | D:8      | Found an iron altar of Okawaru.
  6096 | D:8      | Found a glowing silver altar of Zin.
  6097 | D:8      | Found a sparkling altar of Nemelex Xobeh.
  6099 | D:8      | Found an ornate altar of the Wu Jian Council.
  6100 | D:8      | Found a stormy altar of Qazlal.
  6107 | D:8      | Found a glowing golden altar of the Shining One.
  6755 | D:10     | Entered Level 10 of the Dungeon
  6789 | D:10     | Reached skill level 9 in Staves
  6826 | D:10     | Noticed Harold
  6845 | D:10     | Killed Harold
  7003 | D:10     | Found Ebriussig's Self-Improvement Boutique.
  7165 | D:10     | Noticed a two-headed ogre
  7174 | D:10     | Killed a two-headed ogre
  7175 | D:10     | Reached skill level 10 in Staves
  7175 | D:10     | Reached skill level 5 in Invocations
  7175 | D:10     | Reached XP level 11. HP: 64/76 MP: 0/0
  7175 | D:10     | Learned a level 5 spell: Iskenderun's Battlesphere
  7582 | D:11     | Found Xakyoceu's Magic Scroll Shop.
  7591 | D:11     | Bought a scroll of noise for 13 gold pieces
  7619 | D:11     | Noticed a two-headed ogre
  7619 | D:11     | Noticed a two-headed ogre
  7687 | D:11     | Noticed a death yak
  7688 | D:11     | Noticed a death yak
  7704 | D:10     | Killed a death yak
  7724 | D:11     | Killed a death yak
  7725 | D:11     | Noticed a death yak
  7748 | D:11     | Killed a death yak
  7749 | D:11     | Reached skill level 11 in Staves
  7821 | D:11     | Noticed a boulder beetle
  7829 | D:11     | Banished a boulder beetle
  7860 | D:11     | Killed a two-headed ogre
  8123 | D:2      | Killed Crazy Yiuf
  8123 | D:2      | Reached **** piety under Makhleb
  8222 | D:5      | Killed RancidPinata's ghost
  8229 | D:5      | Killed PerfectTommy's ghost
  8406 | D:6      | Killed Bishop's ghost
  8675 | D:8      | Something stole a maw talisman
  8678 | D:8      | Something stole 7 throwing nets
  8686 | D:8      | Something stole the +0 morningstar of Doom {drain, Str+5
                  | Int+3}
  8688 | D:8      | Killed Maurice
  9050 | D:11     | Noticed a boulder beetle
  9063 | D:10     | Killed a boulder beetle
  9064 | D:10     | Reached skill level 12 in Staves
  9064 | D:10     | Reached XP level 12. HP: 79/84 MP: 0/0
  9154 | D:11     | Found a sparkling altar of Nemelex Xobeh.
  9154 | D:11     | Noticed Jessica
  9157 | D:11     | Killed Jessica
  9365 | D:11     | Found a staircase to the Lair.
  9468 | D:11     | Killed a two-headed ogre
  9635 | Lair:1   | Entered Level 1 of the Lair of Beasts
  9730 | Lair:1   | Identified the ring "Hiebuveo" {rElec rPois rC+}
  9767 | Lair:1   | Noticed Joseph
  9776 | Lair:1   | Killed Joseph
 10099 | Lair:1   | Reached skill level 13 in Staves
 10133 | Lair:1   | Reached skill level 5 in Spellcasting
 10133 | Lair:1   | Reached skill level 5 in Conjurations
 10133 | Lair:1   | Reached skill level 5 in Hexes
 10133 | Lair:1   | Reached skill level 5 in Summonings
 10133 | Lair:1   | Reached skill level 5 in Necromancy
 10133 | Lair:1   | Reached skill level 5 in Translocations
 10133 | Lair:1   | Reached skill level 5 in Fire Magic
 10133 | Lair:1   | Reached skill level 5 in Ice Magic
 10133 | Lair:1   | Reached skill level 5 in Air Magic
 10133 | Lair:1   | Reached skill level 5 in Earth Magic
 10133 | Lair:1   | Reached skill level 5 in Alchemy
 10431 | Lair:2   | Found the +18 Lear's hauberk
 10550 | Lair:2   | Noticed a five-headed hydra
 10559 | Lair:2   | Killed an eight-headed hydra
 10560 | Lair:2   | Reached XP level 13. HP: 45/90 MP: 0/0
 10560 | Lair:2   | Learned a level 5 spell: Borgnjor's Vile Clutch
 11165 | Lair:2   | Noticed a catoblepas
 11171 | Lair:2   | Banished a catoblepas
 11622 | Lair:3   | Reached ***** piety under Makhleb
 11665 | Lair:3   | You are sucked into a shaft and drop 1 floor!
 11751 | Lair:4   | Found a frozen archway.
 11773 | IceCv    | Entered an ice cave
 11917 | IceCv    | Reached skill level 10 in Invocations
 12008 | IceCv    | Reached XP level 14. HP: 39/99 MP: 0/0
 12111 | IceCv    | Noticed a frost giant
 12150 | IceCv    | Killed a frost giant
 12327 | IceCv    | Reached skill level 1 in Evocations
 14368 | Lair:3   | Found a hole to the Spider Nest.
 14490 | Lair:3   | Found a staircase to the Shoals.
 14823 | Lair:4   | Acquired 311 gold pieces
 14884 | Lair:4   | Found a staircase to the Slime Pits.
 14951 | Lair:5   | Entered Level 5 of the Lair of Beasts
 14978 | Lair:5   | Noticed an azure jelly
 14978 | Lair:5   | Noticed an azure jelly
 14978 | Lair:5   | Noticed an acid blob
 14978 | Lair:5   | Noticed OlivierBoivin's ghost (journeyman DgHu)
 14978 | Lair:5   | Found a runed translucent gate.
 14978 | Lair:5   | Found a runed translucent gate.
 14978 | Lair:5   | Found a runed translucent gate.
 14980 | Lair:5   | Noticed an azure jelly
 14991 | Lair:5   | Noticed an azure jelly
 15451 | Lair:5   | Reached skill level 1 in Throwing
 15451 | Lair:5   | Reached XP level 15. HP: 105/105 MP: 0/0
 15451 | Lair:5   | Learned a level 6 spell: Dispersal
 15626 | D:11     | Reached skill level 10 in Spellcasting
 15626 | D:11     | Reached skill level 10 in Conjurations
 15626 | D:11     | Reached skill level 10 in Hexes
 15626 | D:11     | Reached skill level 10 in Summonings
 15626 | D:11     | Reached skill level 10 in Necromancy
 15626 | D:11     | Reached skill level 10 in Translocations
 15626 | D:11     | Reached skill level 10 in Fire Magic
 15626 | D:11     | Reached skill level 10 in Ice Magic
 15626 | D:11     | Reached skill level 10 in Air Magic
 15626 | D:11     | Reached skill level 10 in Earth Magic
 15626 | D:11     | Reached skill level 10 in Alchemy
 15852 | D:12     | Found a staircase to the Orcish Mines.
 16307 | Orc:1    | Entered Level 1 of the Orcish Mines
 16591 | Orc:1    | You are sucked into a shaft and drop 1 floor!
 16591 | Orc:2    | Entered Level 2 of the Orcish Mines
 16591 | Orc:2    | Noticed an orc warlord
 16676 | Orc:1    | Found an ornate altar of the Wu Jian Council.
 16677 | Orc:1    | Found a transporter.
 16686 | Orc:1    | Found a transporter.
 16693 | Orc:1    | Found a transporter.
 16710 | Orc:1    | Found a transporter.
 16710 | Orc:1    | Found an ornate altar of the Wu Jian Council.
 16710 | Orc:1    | Noticed an orc warlord
 16899 | Orc:1    | Killed an orc warlord
 17421 | Orc:2    | Found a staircase to the Elven Halls.
 17731 | Orc:2    | Reached ****** piety under Makhleb
 17920 | Orc:2    | Reached skill level 10 in Fighting
 18164 | Orc:2    | Found Kuotul's Armour Shop.
 18164 | Orc:2    | Found Waff's Weapon Shop.
 18165 | Orc:2    | Found Cuidaid's Book Boutique.
 18169 | Orc:2    | Found Gizaoph's Assorted Antiques.
 18464 | D:13     | Identified the +2 cloak of the Baker {Harm Int+3 Dex+3
                  | SInv}
 18493 | D:13     | Acquired 822 gold pieces
 18503 | D:13     | Found a flickering gateway to a bazaar.
 18512 | Bazaar   | Entered a bazaar
 18512 | Bazaar   | Found Peimeib's Weapon Boutique.
 18512 | Bazaar   | Found Ususy's Weapon Shop.
 18512 | Bazaar   | Found Darr's Antique Armour Shop.
 18528 | Bazaar   | Bought a pair of fading gloves for 389 gold pieces
 18528 | Bazaar   | Identified the +2 pair of gloves "Ydduehux" {MP+9 Dex+3}
                  | (You bought it in a shop in a bazaar)
 18947 | D:13     | Found a gate to the Vaults.
 18953 | D:13     | Reached XP level 16. HP: 94/113 MP: 0/0
 19761 | D:15     | Entered Level 15 of the Dungeon
 19851 | D:15     | Shot with a bolt by a tengu warrior

Illustrated notes

Levels and vault maps discovered:
D:1:      wander_arrival_estate, layout_basic, kennysheep_doodads
D:2:      layout_rooms, shapermc_ecumenical_altar_petra, serial_shops, shop,
          uniq_crazy_yiuf_cottage, uniq_sigmund
D:3:      layout_loops_ring, st_stairs_5, saegor_snake_ambush
D:4:      layout_rooms, minmay_temple_entry_stoned_glass, kennysheep_cross_room
D:5:      cheibrodos_barr_body, layout_cave_pools,
          nicolae_hepliaklqana_ecumenical_no_more, gammafunk_ghost_cemetery,
          uniq_ijyb, uniq_eustachio, uniq_grinder
D:6:      layout_basic, gammafunk_ghost_arena
D:7:      layout_rooms
D:8:      layout_layer_cave, nicolae_overflow_hallway_of_the_gods, uniq_maurice
D:9:      layout_irregular_city
D:10:     layout_basic, nicolae_shop_self_help, uniq_harold
D:11:     layout_roguey, dpeg_lair_monsters, serial_corexii_hall,
          corexii_hall_statues_u, chequers_hall_statues_wall_a, serial_shops,
          shop, minivault_1, nemelex_lonely_heart_becter
D:12:     layout_basic, david_orc_3
D:13:     layout_basic, grunt_vaults_entry_fortified, serial_shops, bzr_firewalk
D:14:     layout_big_octagon, serial_demonic, serial_demonic_c,
          serial_demonic_e, serial_demonic_g, serial_demonic_e,
          dreamdust_princess_bridge, eino_small_chamber_without_monster
D:15:     hellmonk_depths_entry_around_the_bend, layout_cave_pools, special_room
          [special_room_mythical_zoo], nicolae_ru_the_path_less_chosen,
          uniq_louise
Temple:   hellmonk_temple_forest_ring
Lair:1:   layout_loops_ring, minivault_11, st_stairs_3, uniq_joseph
Lair:2:   layout_hall_layers, infiniplex_staircase_pool
Lair:3:   layout_regular_city, minmay_shoals_entry_lonely_mermaid,
          nicolae_spider_entry_orb_guardian, lemuel_fruit_tree,
          infiniplex_staircase_pool_2
Lair:4:   layout_layer_cave, dpeg_slime_entry_corner,
          portal_ice_cave_entry_ice_simulacra
Lair:5:   minmay_lair_end_enchanted_forest, layout_gridlike,
          gammafunk_ghost_ooze
Orc:1:    dreamdust_wu_jian_sword_trials, layout_caves
Orc:2:    st_orc_mages, layout_caves, basic_altar

Skill      XL: |  1  2  3  4  5  6  7  8  9 10 11 12 13 14 15 16 |
---------------+-------------------------------------------------+-----
Long Blades    | 3 |  3.8
Armour         | 1 2 3 |  3.4
Maces & Flails | 1 |  1.7
Dodging        | 4 5 6 7 8 9 |  9.0
Staves         | 1 3 6 7 10 12 13 | 13.9
Fighting       | 4 5 6 7 8 9 10 | 10.0
Spellcasting   | 1 2 3 4 5 6 9 11 12 | 12.0
Conjurations   | 1 2 3 4 5 6 9 11 12 | 12.0
Hexes          | 1 2 3 4 5 6 9 11 12 | 12.0
Summonings     | 1 2 3 4 5 6 9 11 12 | 12.0
Necromancy     | 1 2 3 4 5 6 9 11 12 | 12.0
Translocations | 1 2 3 4 5 6 9 11 12 | 12.0
Fire Magic     | 1 2 3 4 5 6 9 11 12 | 12.0
Ice Magic      | 1 2 3 4 5 6 9 11 12 | 12.0
Air Magic      | 1 2 3 4 5 6 9 11 12 | 12.0
Earth Magic    | 1 2 3 4 5 6 9 11 12 | 12.0
Alchemy        | 1 2 3 4 5 6 9 11 12 | 12.0
Invocations    | 2 4 5 6 7 10 11 12 | 12.0
Evocations     | 1 |  1.0
Throwing       | 1 |  1.2

Action                     |  1- 3 |  4- 6 |  7- 9 | 10-12 | 13-15 | 16-18 || total
---------------------------+-------+-------+-------+-------+-------+-------++-------
  Melee: Falchion          |    53 |       |       |       |       |       ||    53
         Morningstar       |     6 |    26 |       |       |       |       ||    32
         Lajatang          |       |    88 |   193 |   293 |   782 |    60 ||  1416
  Throw: Dart              |       |       |     1 |     2 |       |       ||     3
         Boomerang         |       |       |       |       |     4 |     1 ||     5
   Cast: Slow              |     1 |       |       |       |       |       ||     1
         Momentum Strike   |       |       |     1 |     1 |       |       ||     2
         Cause Fear        |       |       |       |     2 |    12 |     3 ||    17
         Borgnjor's Vile C |       |       |       |       |     8 |     1 ||     9
         Dispersal         |       |       |       |       |     5 |     2 ||     7
 Invoke: Minor Destruction |       |       |    12 |    36 |   135 |     5 ||   188
         Lesser Servant of |       |       |       |     2 |    10 |     1 ||    13
         Major Destruction |       |       |       |       |     9 |     2 ||    11
  Evoke: Wand              |       |       |       |     3 |     1 |     5 ||     9
    Use: Potion            |     3 |     1 |       |       |       |       ||     4
         Scroll            |       |     4 |     7 |     5 |    10 |       ||    26
   Stab: Sleeping          |       |     2 |     3 |     1 |     5 |       ||    11
         Distracted        |       |       |       |       |     7 |       ||     7
 Armour: Ring mail         |    43 |    27 |       |       |       |       ||    70
         Robe              |     1 |       |    93 |   151 |   546 |    74 ||   865
         Skin              |       |     9 |       |     6 |       |       ||    15
         Leather armour    |       |    46 |    21 |       |       |       ||    67
  Dodge: Dodged            |    44 |    85 |   143 |   162 |   536 |    53 ||  1023
         Repelled          |       |       |       |     3 |     4 |       ||     7
